 Dungeon Crawl Stone Soup version 0.18.1-5-g4a78601 (webtiles) character file.

196 namelastname112 the Skirmisher (level 5, -2/46 HPs)
             Began as a Draconian Fighter on May 14, 2016.
             Slain by an adder (5 damage)
             ... on level 3 of the Dungeon.
             The game lasted 00:03:14 (2754 turns).

namelastname112 the Skirmisher (Draconian Fighter)  Turns: 2754, Time: 00:03:14

Health: -2/46      AC:  5    Str: 16 (18) XL:     5   Next: 45%
Magic:  4/4        EV: 10    Int:  8 (10) God:
Gold:   87         SH:  9    Dex:  9 (12) Spells: 0 memorised, 4 levels left

rFire  . . .     SeeInvis .     a - +0 war axe
rCold  . . .     Gourm    .     (armour unavailable)
rNeg   . . .     Faith    .     b - +0 shield
rPois  .         Spirit   .     (helmet restricted)
rElec  .         Dismiss  .     (no cloak)
rCorr  .         Reflect  .     (no gloves)
SustAt .         Harm     .     (no boots)
MR     .....                    (no amulet)
Stlth  +.........               (no ring)
                                (no ring)

@: lethally poisoned (-2 -> -9), not resistant to hostile enchantments, very
unstealthy
A: unfitting armour, blurry vision 1, clever 1, low mp 1, cold-blooded, AC +5
a: no special abilities


You were on level 3 of the Dungeon.
You were hungry.

You visited 1 branch of the dungeon, and saw 3 of its levels.

You collected 87 gold pieces.

Inventory:

Hand Weapons
 a - a +0 war axe (weapon)
Armour
 b - a +0 shield (worn)
Scrolls
 e - 2 scrolls of identify {unknown}
 g - a scroll of fog {unknown}
 h - 2 scrolls of amnesia {unknown}
 j - a scroll of recharging {unknown}
 l - a scroll of fear {unknown}
 r - 2 scrolls of random uselessness {unknown}
 s - 2 scrolls of immolation {unknown}
 t - a scroll of enchant weapon {unknown}
 u - 3 scrolls of teleportation {unknown}
 w - a scroll of remove curse {unknown}
Potions
 c - a potion of might
 i - a potion of cancellation
 n - a potion of degeneration
 v - a potion of agility
Comestibles
 d - a bread ration
 f - a slice of pizza
 o - 2 meat rations


   Skills:
 + Level 4.2 Fighting
 * Level 3.8 Axes
 + Level 3.3 Dodging
 + Level 4.0 Shields


You had 4 spell levels left.
You didn't know any spells.

Dungeon Overview and Level Annotations

Branches:
Dungeon (3/15)

Altars:
Cheibriados
Qazlal
Trog

Portals:
Sewer: D:3


Innate Abilities, Weirdness & Mutations

Your plain brown scales are hard (AC +5).
Your body does not fit into most forms of armour.
You are cold-blooded and may be slowed by cold attacks.
Scrolls take you a little longer to read.
Your mind is acute. (Int +2)
Your magical capacity is low (-10% MP).


Message History

You take 3 damage, and have 6/46 hp.
You closely miss the adder.
The adder is moderately wounded.
You barely miss the adder.
The adder is moderately wounded.
You hear the rapid rusting of a drain.
* * * LOW HITPOINT WARNING * * *
You feel sick.
You block the adder's attack. x3; The adder misses you.
You take 2 damage, and have 4/46 hp.
* * * LOW HITPOINT WARNING * * *
You feel sick. The adder closely misses you.
Drink which item? (? for menu, Esc to quit)
Okay, then.
You barely miss the adder.
Your tail-slap misses the adder.
The adder is moderately wounded.
You miss the adder.
The adder is moderately wounded.
* * * LOW HITPOINT WARNING * * *
You feel sick. The adder bites you but does no damage. The adder bites you.
You die...

##### ### ## ..#.
.. ... #...
###.##.##### ##.
#..........# ..##.
#.#######.# #....
#.#s≈≈≈≈#.# ###.
#SSs≈∩≈≈#.## #.
#@#s≈≈≈≈#..# #.
#.#######..######.
#................#
######.##........#
#...........#
####........#
#........#
#.........
#.....†...


You could see 2 adders and 3 giant cockroaches.

Vanquished Creatures
  An orc wizard (D:3)
  2 gnolls (D:2)
  6 adders
  2 worms (D:2)
  A dart slug (D:2)
  5 orcs (D:3)
  2 ball pythons
  6 giant cockroaches
  10 goblins
  5 hobgoblins
  8 jackals
  5 quokkas
  10 bats
  2 giant newts
  10 kobolds
  10 rats
85 creatures vanquished.

Vanquished Creatures (others)
  A plant (D:2)
1 creature vanquished.

Grand Total: 86 creatures vanquished

Notes
Turn   | Place    | Note
--------------------------------------------------------------
     0 | D:1      | namelastname112 the Draconian Fighter began the quest for the Orb.
     0 | D:1      | Reached XP level 1. HP: 19/19 MP: 1/1
    74 | D:1      | Reached XP level 2. HP: 21/26 MP: 2/2
   462 | D:1      | Reached XP level 3. HP: 31/31 MP: 3/3
  1455 | D:2      | Reached XP level 4. HP: 20/40 MP: 4/4
  1726 | D:2      | Found a stormy altar of Qazlal.
  2113 | D:3      | HP: 2/40 [something/puff of flame (7)]
  2119 | D:3      | HP: 1/40 [something/puff of flame (7)]
  2123 | D:3      | Reached XP level 5. HP: 2/46 MP: 5/5
  2367 | D:3      | Found a bloodstained altar of Trog.
  2666 | D:3      | Found a snail-covered altar of Cheibriados.
  2729 | D:3      | Found a glowing drain.
  2750 | D:3      | Gained mutation: Your mind is acute. (Int +2) [potion of mutation]
  2750 | D:3      | Gained mutation: Your magical capacity is low (-10% MP). [potion of mutation]
  2750 | D:3      | Gained mutation: Scrolls take you a little longer to read. [potion of mutation]
  2754 | D:3      | Slain by an adder

Skill      XL: |  1  2  3  4  5 |
---------------+----------------+-----
Dodging        | 3 |  3.3
Axes           | 3 |  3.8
Fighting       | 4 |  4.2
Shields        | 4 |  4.0

Action                   |  1- 3 |  4- 6 || total
-------------------------+-------+-------++-------
Melee: War axe           |   140 |   131 ||   271
       Tailslap          |    13 |    14 ||    27
  Use: Potion            |       |     7 ||     7
 Stab: Distracted        |       |     1 ||     1
  Eat: Chunk             |     2 |     4 ||     6
Armor: Skin              |    47 |    43 ||    90
Dodge: Dodged            |    64 |    71 ||   135
Block: Shield            |    85 |    88 ||   173
